Map: Ulrena

Players

Hatris

  • Race: Terran Terran
  • League: Master

Jamileon - Winner!

  • Race: Protoss Protoss
  • League: Grandmaster

VOD

Have the link to the VOD?

Description

Time

  • Played on: Nov. 20, 2015, 11:33 p.m.
  • Length: 7:57
Show
View Real Time Build Order
Export as new Build Order

Hatris Terran 

Build Orders: Reaper Expand, MMM Bio 

Get SALT Encoding   

  12  0:00  SCV  
  13  0:13  SCV  
  14  0:17  Supply Depot  
  14  0:25  SCV  
  15  0:39  SCV  
  15  0:41  Barracks  
  16  0:44  Refinery  
  16  0:51  SCV  
  17  1:03  SCV  
  18  1:15  SCV  
  19  1:28  Reaper  
  19  1:29  Orbital Command  
  20  1:41  Command Center  
  20  1:54  Supply Depot  
  20  1:55  SCV  
  20  2:00  Barracks Reactor  
  21  2:07  SCV  
  22  2:08  Barracks  
  22  2:23  Factory  
  22  2:24  SCV  
  22  2:28  Refinery  
  23  2:36  SCV  
  24  2:39  Marine  
  24  2:40  Marine  
  26  2:48  SCV  
  26  2:49  Supply Depot  
  27  2:55  Orbital Command  
  27  2:58  Barracks Tech Lab  
  27  3:00  SCV  
  27  3:04  Marine x2  
  30  3:13  SCV  
  31  3:20  Cyclone  
  31  3:22  Marine  
  31  3:23  SCV  
  31  3:25  SCV  
  36  3:35  SCV, Supply Depot  
  36  3:37  SCV  
  36  3:38  Engineering Bay  
  38  3:43  Marine x2  
  38  3:47  SCV  
  41  3:49  SCV  
  40  3:59  SCV  
  40  4:01  Marine x2  
  40  4:02  SCV  
  39  4:11  SCV  
  39  4:13  Starport  
  40  4:17  SCV  
  40  4:21  Terran Infantry Weapons Level 1, Stimpack  
  40  4:23  SCV  
  41  4:27  Marine  
  41  4:28  Refinery x2  
  41  4:29  SCV  
  40  4:34  Liberator  
  40  4:39  Missile Turret  
  40  4:44  Marine  
  44  4:55  SCV x2  
  44  4:57  Barracks  
  46  5:03  Missile Turret  
  42  5:07  SCV, Marine  
  42  5:09  Marine  
  41  5:18  Factory Tech Lab  
  41  5:19  Marine  
  42  5:27  SCV x2  
  44  5:29  Marine  
  45  5:39  SCV x2  
  47  5:43  Marine  
  47  5:45  Starport Reactor  
  47  5:48  Marine  
  47  5:49  Marauder  
  51  5:51  SCV  
  51  5:52  SCV  
  51  5:55  Combat Shields  
  51  5:56  Marauder  
  55  5:57  Widow Mine  
  55  6:03  Marine  
  55  6:04  SCV x2  
  60  6:09  Supply Depot  
  60  6:11  Supply Depot, Marauder  
  62  6:17  SCV x2  
  61  6:19  Marine  
  61  6:21  Concussive Shells  
  61  6:24  Liberator  
  62  6:27  Liberator  
  62  6:30  Marauder, SCV, Marine, Widow Mine  
  68  6:33  Supply Depot  
  68  6:37  SCV  
  68  6:38  Missile Turret  
  69  6:47  SCV  
  76  6:49  Marine x2  
  78  6:56  SCV  
  78  6:58  Supply Depot  
  79  7:02  Marauder x2  
  79  7:07  SCV  
  86  7:15  SCV, Factory Reactor  
  85  7:16  Barracks  
  85  7:20  Barracks  
  59  7:30  Marine  
  59  7:31  Marauder, Marine  
  59  7:34  Marine  
Show
View Real Time Build Order
Export as new Build Order

Jamileon Protoss - Winner!

Build Orders: 1 Gate Expand, Oracle Opening 

Get SALT Encoding   

  12  0:01  Probe (Chrono Boost)  
  13  0:11  Probe (Chrono Boost)  
  14  0:18  Pylon  
  14  0:22  Probe (Chrono Boost)  
  15  0:37  Probe (Chrono Boost)  
  15  0:40  Gateway  
  16  0:43  Assimilator  
  16  0:47  Probe (Chrono Boost)  
  17  0:58  Probe (Chrono Boost)  
  18  1:08  Probe (Chrono Boost)  
  19  1:20  Nexus  
  19  1:23  Probe (Chrono Boost)  
  20  1:34  Cybernetics Core  
  20  1:37  Probe (Chrono Boost)  
  21  1:44  Assimilator  
  21  1:47  Probe (Chrono Boost)  
  21  1:52  Pylon  
  22  1:58  Probe (Chrono Boost)  
  23  2:10  Probe (Chrono Boost)  
  23  2:11  Adept (Chrono Boost), Warp Gate  
  27  2:35  Adept (Chrono Boost)  
  29  2:42  Stargate  
  27  2:44  Probe (Chrono Boost)  
  27  2:45  Probe (Chrono Boost)  
  29  2:56  Probe (Chrono Boost)  
  29  2:58  Mothership Core (Chrono Boost), Adept  
  34  3:07  Probe (Chrono Boost)  
  34  3:12  Pylon  
  35  3:16  Probe (Chrono Boost)  
  35  3:17  Probe (Chrono Boost)  
  37  3:26  Probe (Chrono Boost), Oracle (Chrono Boost)  
  41  3:27  Probe (Chrono Boost), Adept  
  44  3:35  Assimilator  
  44  3:36  Probe  
  44  3:37  Probe  
  46  3:42  Pylon  
  46  3:47  Probe  
  46  3:49  Probe  
  48  3:58  Probe  
  48  3:59  Oracle (Chrono Boost)  
  48  4:02  Probe  
  53  4:08  Probe  
  51  4:14  Probe  
  51  4:19  Probe  
  51  4:20  Gateway  
  51  4:22  Gateway  
  51  4:23  Gateway  
  51  4:24  Pylon  
  50  4:26  Probe  
  50  4:29  Probe  
  52  4:34  Phoenix (Chrono Boost)  
  52  4:38  Probe  
  55  4:39  Assimilator  
  55  4:40  Probe  
  56  4:47  Twilight Council  
  56  4:48  Pylon  
  56  4:50  Probe x2  
  58  4:55  Phoenix (Chrono Boost)  
  60  5:01  Probe  
  60  5:02  Probe  
  62  5:11  Probe  
  63  5:14  Probe  
  63  5:17  Sentry, Phoenix (Chrono Boost)  
  68  5:24  Resonating Glaives (Chrono Boost), Pylon, Robotics Facility  
  68  5:26  Pylon  
  68  5:35  Adept x3  
  74  5:37  Phoenix  
  76  5:46  Adept  
  78  5:53  Gateway  
  78  5:54  Gateway  
  78  5:55  Gateway  
  78  5:59  Adept, Phoenix  
  82  6:10  Adept x3  
  88  6:15  Warp Prism (Chrono Boost)  
  90  6:27  Phoenix  
  90  6:31  Adept  
  94  6:35  Pylon  
  94  6:36  Pylon  
  94  6:39  Pylon  
  94  6:50  Nexus  
  91  7:01  Adept  
  91  7:02  Adept x5  
  91  7:03  Sentry  
  105  7:11  Observer (Chrono Boost)  
  104  7:29  Phoenix  
  99  7:36  Stalker x4, Adept x2  
  113  7:49  Assimilator  
  115  7:51  Assimilator  
  115  7:54  Pylon  
Tags
 
Add a new tag
Caveats
  • Supply blocks, unpowered buildings, or Contaminate may cause inaccurate times.
  • Supply counts are checked every 10 seconds.